 Dungeon Crawl Stone Soup version 0.30-a0-920-g7493c07aab (webtiles) character file.

Game seed: 16819496766078475260

11498 TittyCrusher the Severer (level 12, 82/111 HPs)
             Began as a Meteoran Cinder Acolyte on June 16, 2022.
             Was a High Priest of Ignis.
             Quit the game on level 8 of the Dungeon on Mar 21, 2023.
             The game lasted 00:54:18 (6056 turns).

TittyCrusher the Severer (Meteoran Cinder Acolyte)  Turns: 6056, Time: 00:54:19

Health: 82/111     AC: 11    Str: 23    XL:     12   Next: 35%
Magic:  7/15       EV: 25    Int: 14    God:    Ignis [*****.]
Gold:   397        SH:  5    Dex: 16    Spells: 8/13 levels left

rFire   + + .      SeeInvis .    b - +7 mace "Urroq" {elec, rElec}
rCold   . . .      Faith    .    g - +0 buckler
rNeg    . . .      Spirit   .    A - +1 leather armour "Zuming" {rF+ Str+8 Stlth-}
rPois   .          Reflect  .    h - +1 helmet
rElec   +          Rampage  .    (no cloak)
rCorr   .                        E - +1 pair of gloves
Will    ++...                    B - +0 pair of boots Stlth
                                 q - amulet of the acrobat
HPRegen 0.38/turn                S - ring of willpower
MPRegen 0.14/turn                C - +4 ring of protection

@: acrobatic, glowing
A: sense surroundings 2, otherworldly, glowing, explore regen, deformed body,
dopey 1, MP-powered wands
a: Renounce Religion, Fiery Armour, Foxfire Swarm, Rising Flame


You were on level 8 of the Dungeon.
You worshipped Ignis.
Ignis was extremely pleased with you.
You visited 1 branch of the dungeon, and saw 13 of its levels.

You collected 614 gold pieces.
You spent 217 gold pieces at shops.

Inventory:

Hand Weapons
 a - a +3 hand axe of electrocution
 b - the +7 mace "Urroq" (weapon) {elec, rElec}
   (You found it on level 4 of the Dungeon)

   rElec:     It insulates you from electricity.
 x - a -1 hand axe of flaming
 F - a +0 sling
 J - a +0 broad axe of distortion
Missiles
 c - 245 stones (quivered)
 k - 39 poisoned darts
 P - a throwing net
Armour
 g - a +0 buckler (worn)
 h - a +1 helmet (worn)
 s - an orb of mayhem
 w - +0 acid dragon scales
 A - the +1 leather armour "Zuming" (worn) {rF+ Str+8 Stlth-}
   (You found it on level 4 of the Dungeon)

   Str:       It affects your strength (+8).
   rF:        It protects you from fire.
   Stlth:     It makes you less stealthy.
 B - a +0 pair of boots (worn)
 E - a +1 pair of gloves (worn)
 U - a +0 troll leather armour
Magical Staves
 y - a staff of poison
Jewellery
 q - an amulet of the acrobat (around neck)
 C - a +4 ring of protection (right hand)
 I - a +6 ring of intelligence
 Q - a ring of ice
 S - a ring of willpower (left hand)
 W - a ring of protection from cold
Wands
 e - a wand of flame (30)
 r - a wand of mindburst (8)
 H - a wand of quicksilver (3)
 Z - a wand of charming (5)
Scrolls
 d - 2 scrolls of fog
 f - 2 scrolls of fear
 n - 6 scrolls of teleportation
 z - a scroll of vulnerability
 K - a scroll of blinking
 M - a scroll of amnesia {unknown}
 N - a scroll of torment {unknown}
 R - a scroll of poison {unknown}
 V - a scroll of enchant weapon
 Y - a scroll of immolation {unknown}
Potions
 i - 2 potions of haste
 j - 3 potions of curing
 l - a potion of attraction
 m - a potion of resistance
 t - a potion of magic
 u - 2 potions of flight
 L - a potion of might
 X - 2 potions of brilliance
Miscellaneous
 O - a phial of floods


   Skills:
 - Level 11.7 Fighting
 - Level 15.4 Axes
 + Level 3.0 Shields
 - Level 1.3 Spellcasting
 - Level 9.4 Transmutations
 - Level 3.6 Fire Magic


You had 8 spell levels left.
You knew the following spells:

 Your Spells              Type           Power      Damage    Failure   Level
a - Scorch                Fire           22%        2d6       13%         2
b - Sandblast             Erth           0%         2d4       36%         1
c - Wereblood             Tmut           27%        N/A       1%          2

Your spell library contained the following spells:

 Spells                   Type           Power      Damage    Failure   Level
 Beastly Appendage        Tmut           54%        N/A       1%          1
 Passwall                 Tmut/Erth      11%        N/A       9%          2
 Spider Form              Tmut/Pois      14%        N/A       17%         3
 Stone Arrow              Conj/Erth      0%         3d7       75%         3
 Flame Wave               Conj/Fire      6%         2d5       88%         4
 Cause Fear               Hex            0%         N/A       98%         4
 Summon Cactus Giant      Summ           0%         N/A       100%        6
 Dragon Form              Tmut           13%        N/A       100%        7
 Dragon's Call            Summ           0%         N/A       100%        9


Dungeon Overview and Level Annotations

Branches:
Dungeon (13/15) Zot: 1857  Temple (0/1) D:7            Lair (0/6) D:8
    Orc (0/2) D:9
 Vaults: D:13-14

Altars:
Elyvilon
Fedhas
Gozag
Hepliaklqana
Okawaru
Qazlal
Sif Muna
Vehumet
Yredelemnul
Zin
The Shining One

Shops:
D:1 *   D:6 (

Portals:
Trove: D:12 (show abyssal rune of Zot)

Annotations:
D:9 2 transporters, Wiilli's ghost, novice SpVM


Innate Abilities, Weirdness & Mutations

You passively map the area around you.
You are easily found by Zot.
You glow in the dark.
You regain HP and MP as you explore.
Armour fits poorly on your strangely shaped body.
You are dopey. (Int -2)
You expend magic power (3 MP) to strengthen your wands.


Message History

l - a potion of attraction A komodo dragon is nearby!
The komodo dragon hisses angrily.
Aiming: Quicksilver Bolt
Press: ? - help, Shift-Dir - straight line, f - komodo dragon
Aim: a komodo dragon (79% to hit)
You feel a surge of power!
The bolt of dispelling energy hits the komodo dragon!
The komodo dragon is moderately wounded.
Aiming: Quicksilver Bolt
Press: ? - help, Shift-Dir - straight line, f/p - komodo dragon
Aim: a komodo dragon (moderately wounded, 79% to hit)
You feel a surge of power!
The bolt of dispelling energy hits the komodo dragon!
The komodo dragon is heavily wounded.
Aiming: Quicksilver Bolt
Press: ? - help, Shift-Dir - straight line, f/p - komodo dragon
Aim: a komodo dragon (heavily wounded, 79% to hit)
You feel a surge of power!
The bolt of dispelling energy hits the komodo dragon!
The komodo dragon is severely wounded.
Unknown command.
You hit the komodo dragon.
The komodo dragon is severely wounded.
The komodo dragon bites you!!
You hit the komodo dragon.
Lightning courses through the komodo dragon!!
You kill the komodo dragon!
Your Shields skill increases to level 3!
Saving game... please wait.
Welcome back, TittyCrusher the Meteoran Cinder Acolyte.
The flames of Ignis gently warm you.
Press ? for a list of commands and other information.
Welcome back, TittyCrusher the Meteoran Cinder Acolyte.
The flames of Ignis gently warm you.
Press ? for a list of commands and other information.
Welcome back, TittyCrusher the Meteoran Cinder Acolyte.
The flames of Ignis gently warm you.
Press ? for a list of commands and other information.
Are you sure you want to abandon this character and quit the game? (Confirm with "yes".)

#.# *.###.## #.#
*###...## #.#
##..†.P##
#.#########......P#
#........##......P#
########.#.......P#
#..........#
#.....P...P#
#.#.....@P.#
#.#.....>..#
#####.##)......#
#.....##......P#
#.#######.P..P##
#.#############
#.......# #####...#
###.#


There were no monsters in sight!

Vanquished Creatures
  2 hydras
  Erolcha (D:13)
  A catoblepas (D:13)
  A centaur warrior (D:13)
  2 two-headed ogres
  2 harpies (shapeshifter) (D:13)
  3 komodo dragons
  A troll (D:9)
  A hornet (D:8)
  Grinder (D:3)
  A slime creature (D:11)
  A shadow (D:9)
  A vampire (D:9)
  A wraith (D:11)
  2 wyverns
  A steam dragon (D:9)
  6 vampire mosquitoes
  A water moccasin (D:8)
  2 acid dragons
  A black bear (shapeshifter) (D:13)
  2 ice beasts
  2 black bears
  An orc warrior (D:9)
  An ogre (D:7)
  4 centaurs
  A phantom (D:5)
  2 bullfrogs
  4 kobold brigands
  A necrophage (D:5)
  2 scorpions
  13 killer bees
  2 vampire bats (D:6)
  3 howler monkeys
  A hound (D:6)
  A jelly (D:3)
  3 orc priests
  7 iguanas
  Natasha (twice) (D:2)
  7 orc wizards
  7 adders
  2 white imps
  2 dart slugs
  35 orcs
  8 ball pythons
  10 endoplasms
  3 giant cockroaches
  6 goblins
  9 hobgoblins
  6 jackals
  18 kobolds
  4 quokkas
  11 bats
  4 frilled lizards (D:1)
  3 rats
219 creatures vanquished.

Vanquished Creatures (others)
  A shadow (D:11)
  33 plants (D:8)
34 creatures vanquished.

Grand Total: 253 creatures vanquished

Notes
Turn   | Place    | Note
-------+----------+-------------------------------------------
     0 | D:1      | TittyCrusher the Meteoran Cinder Acolyte began the quest
                  | for the Orb.
     0 | D:1      | Reached XP level 1. HP: 19/19 MP: 3/3
    80 | D:1      | Reached skill level 4 in Axes
    80 | D:1      | Reached XP level 2. HP: 21/26 MP: 5/5
   206 | D:1      | Found a faded altar of an unknown god.
   242 | D:1      | Reached XP level 3. HP: 24/31 MP: 6/6
   364 | D:1      | Found Liudey's General Store.
   367 | D:1      | Bought a scroll of identify for 28 gold pieces
   406 | D:1      | Reached skill level 5 in Axes
   650 | D:2      | Reached XP level 4. HP: 38/38 MP: 7/7
   692 | D:2      | Noticed Natasha
   703 | D:2      | Killed Natasha
   704 | D:2      | Reached skill level 6 in Axes
   768 | D:2      | Noticed Natasha
   778 | D:2      | Killed Natasha
   779 | D:2      | Reached XP level 5. HP: 42/45 MP: 8/8
   829 | D:2      | Learned a level 2 spell: Scorch
   831 | D:2      | Learned a level 1 spell: Sandblast
   864 | D:3      | Noticed Grinder
   872 | D:3      | Killed Grinder
   873 | D:3      | Reached skill level 8 in Axes
   873 | D:3      | Reached XP level 6. HP: 51/51 MP: 9/9
   873 | D:3      | Reached XP level 7. HP: 57/57 MP: 10/10
  1174 | D:4      | Reached skill level 9 in Axes
  1179 | D:5      | Entered Level 5 of the Dungeon
  1394 | D:5      | Reached skill level 10 in Axes
  1394 | D:5      | Reached XP level 8. HP: 63/63 MP: 11/11
  1510 | D:5      | Reached skill level 11 in Axes
  1555 | D:4      | Identified the +1 leather armour "Zuming" {rF+ Str+8
                  | Stlth-}
  1723 | D:4      | Found an iron altar of Okawaru.
  1851 | D:4      | Identified the +7 mace "Urroq" {elec, rElec}
  2050 | D:5      | Reached skill level 12 in Axes
  2050 | D:5      | Gained mutation: You passively map the area around you.
                  | [Meteoran growth]
  2050 | D:5      | Reached XP level 9. HP: 70/70 MP: 12/12
  2078 | D:6      | Found a shimmering blue altar of Sif Muna.
  2262 | D:6      | Found Pudisae's Antique Weapon Boutique.
  2294 | D:6      | Bought a runed broad axe for 189 gold pieces
  2354 | D:7      | Found a staircase to the Ecumenical Temple.
  2438 | D:7      | Found a basalt altar of Yredelemnul.
  2441 | D:7      | Reached skill level 13 in Axes
  2470 | D:8      | You fall into a shaft and drop 3 floors!
  2527 | D:10     | Entered Level 10 of the Dungeon
  2662 | D:9      | Reached skill level 14 in Axes
  2693 | D:9      | Found a radiant altar of Vehumet.
  2775 | D:8      | Noticed a hornet
  2786 | D:8      | Paralysed by a hornet for 3 turns
  2830 | D:9      | Found a staircase to the Orcish Mines.
  2835 | D:9      | Noticed a queen bee
  2853 | D:9      | Noticed a hornet
  2893 | D:8      | Reached XP level 10. HP: 66/77 MP: 13/13
  2924 | D:8      | Reached skill level 15 in Axes
  3089 | D:8      | Noticed a two-headed ogre
  3103 | D:8      | Killed a two-headed ogre
  3618 | D:10     | Found a stormy altar of Qazlal.
  3618 | D:10     | Found an opulent altar of Gozag.
  3618 | D:10     | Found a blossoming altar of Fedhas.
  3671 | D:10     | Found a hazy altar of Hepliaklqana.
  3882 | D:12     | Noticed a two-headed ogre
  4016 | D:11     | Noticed a komodo dragon
  4084 | D:11     | Reached XP level 11. HP: 69/97 MP: 14/14
  4148 | D:11     | Noticed a two-headed ogre
  4284 | D:11     | Reached skill level 10 in Fighting
  4288 | D:11     | Killed a two-headed ogre
  4313 | D:11     | Noticed an eight-headed hydra
  4433 | D:11     | Noticed a four-headed hydra
  4440 | D:11     | Killed a four-headed hydra
  4447 | D:11     | Learned a level 2 spell: Wereblood
  4492 | D:11     | Reached skill level 1 in Transmutations
  4523 | D:12     | Found a portal to a secret trove of treasure.
  4568 | D:12     | Noticed a boulder beetle
  4590 | D:13     | Noticed Erolcha
  4614 | D:13     | Killed Erolcha
  4736 | D:13     | Noticed a harpy
  4736 | D:13     | a black bear changed into a harpy
  4755 | D:13     | Killed a harpy
  4756 | D:13     | Reached skill level 5 in Transmutations
  4770 | D:13     | Noticed a centaur warrior
  4783 | D:13     | Killed a centaur warrior
  4804 | D:13     | Noticed a harpy
  4816 | D:13     | Killed a harpy
  4827 | D:13     | Noticed a catoblepas
  4839 | D:13     | Killed a catoblepas
  4840 | D:13     | Reached XP level 12. HP: 96/111 MP: 15/15
  4858 | D:13     | Noticed a four-headed hydra
  4867 | D:13     | Killed a four-headed hydra
  5461 | D:9      | Found a transporter.
  5464 | D:9      | Found a transporter.
  5478 | D:9      | Noticed Wiilli's ghost (novice SpVM)
  5598 | D:9      | Found a white marble altar of Elyvilon.
  5619 | D:9      | Reached skill level 1 in Shields
  5758 | D:9      | Found a glowing golden altar of the Shining One.
  5762 | D:9      | Found a glowing silver altar of Zin.
  5851 | D:8      | Found a staircase to the Lair.
  5883 | D:8      | Gained mutation: You are dopey. (Int -2) [potion of
                  | mutation]
  5883 | D:8      | Gained mutation: Armour fits poorly on your strangely
                  | shaped body. [potion of mutation]
  5883 | D:8      | Gained mutation: You expend magic power (3 MP) to
                  | strengthen your wands. [potion of mutation]
  5884 | D:8      | Identified a scroll of acquirement
  5884 | D:8      | Acquired a book of the Dragon
  6056 | D:8      | Upgraded the game from 0.29-a0-613-gf2c431b9b9 to
                  | 0.29-a0-775-g4d7333d4e2
  6056 | D:8      | Upgraded the game from 0.29-a0-775-g4d7333d4e2 to
                  | 0.30-a0-359-gd0147acb1a
  6056 | D:8      | Upgraded the game from 0.30-a0-359-gd0147acb1a to
                  | 0.30-a0-920-g7493c07aab
  6056 | D:8      | Quit the game

Illustrated notes

Levels and vault maps discovered:
D:1:      eino_arrival_water_star, layout_loops_ring,
          shapermc_ecumenical_altar_venn, serial_shops,
          nicolae_shop_behind_doors
D:2:      layout_basic, uniq_natasha
D:3:      layout_loops_ring, uniq_grinder
D:4:      layout_layer_cave, tgw_kikubaaqudgha, mainiacjoe_overflow_brackets
D:5:      layout_basic, palyth_stone_intersect, hangedman_minor_gate_pass
D:6:      layout_basic, mainiacjoe_overflow_alcove_1, serial_shops, shop,
          roderic_batcave, minmay_ruined_shrine, uniq_prince_ribbit1
D:7:      layout_rooms, yredelemnul_altar_generic,
          minmay_temple_entry_glassed_door, kennysheep_generic_room_7
D:8:      layout_basic, david_lair_shrubbed, dreamdust_princess_bridge,
          serial_park_tiny_1
D:9:      layout_loops_corners, elyvilon_altar_1, kennysheep_mini, minitemple,
          orc_0_dummy, gammafunk_ghost_hive, st_stairs_12
D:10:     layout_roguey, kennysheep_slug_shrine, lemuel_crystal_altar,
          gammafunk_temple_overflow_forgotten, skrybe_limestone_x
D:11:     kennysheep_blocky_room, layout_loops_corners,
          statue_in_the_mist_lemuel
D:12:     layout_irregular_city, nicolae_trove_entry_isolated
D:13:     layout_roguey, uniq_erolcha

Skill      XL: |  1  2  3  4  5  6  7  8  9 10 11 12 |
---------------+-------------------------------------+-----
Axes           | 4 5 6 8 10 12 14 15 | 15.4
Fighting       | 9 11 | 11.7
Transmutations | 7 9 |  9.4
Shields        | 3 |  3.0
Spellcasting   | |  1.3
Fire Magic     | |  3.6

Action                     |  1- 3 |  4- 6 |  7- 9 | 10-12 || total
---------------------------+-------+-------+-------+-------++-------
  Melee: Hand axe          |    92 |    39 |   300 |   135 ||   566
         Punch             |     1 |     2 |    11 |     1 ||    15
         Mace              |       |       |       |   128 ||   128
   Cast: Scorch            |       |       |     9 |     3 ||    12
 Invoke: Fiery Armour      |       |     1 |     1 |     1 ||     3
  Evoke: Wand              |       |       |       |    17 ||    17
         Phial of floods   |       |       |       |     1 ||     1
    Use: Scroll            |     2 |       |     9 |    14 ||    25
         Potion            |       |     1 |     4 |    12 ||    17
 Armour: Robe              |    41 |     8 |    28 |       ||    77
         Skin              |       |    16 |       |     5 ||    21
         Leather armour    |       |       |    65 |   117 ||   182
  Dodge: Dodged            |    50 |    18 |   136 |   150 ||   354
  Block: Buckler           |       |       |       |     2 ||     2

Table legend: (Time is in decaauts)
 A = Elapsed time spent in this place.
 B = Non-inter-level travel time spent in this place.
 C = Inter-level travel time spent in this place.
 D = Time resting spent in this place.
 E = Time spent auto-exploring this place.
 F = Levels seen in this place.
 G = Mean time per level.
                   A        B        C        D        E       F      G
               +--------+--------+--------+--------+--------+-----+--------+
         Total |   5942 |   5641 |    301 |    189 |      0 |  13 |  457.1 |
       Dungeon |   5942 |   5641 |    301 |    189 |      0 |  13 |  457.1 |
               +--------+--------+--------+--------+--------+-----+--------+

Top non-repeatable levels by time:
    D:11: 950 daAuts
     D:9: 799 daAuts
     D:8: 669 daAuts
     D:1: 482 daAuts
     D:4: 462 daAuts
    D:13: 397 daAuts
     D:2: 382 daAuts
     D:5: 372 daAuts
     D:6: 369 daAuts
    D:10: 361 daAuts
     D:3: 242 daAuts
     D:7: 229 daAuts
    D:12: 222 daAuts
